 Dungeon Crawl Stone Soup version 0.23-a0-33-g1e3a2e4e2f (webtiles) character file.

462923 Talesh the Imperceptible (level 23, -2/129 HPs)
             Began as a Spriggan Enchanter on Aug 3, 2018.
             Was the Champion of Dithmenos.
             Splashed by a caustic shrike's acid (7 damage)
             ... on level 3 of the Depths on Aug 5, 2018.
             The game lasted 04:29:56 (87815 turns).

Talesh the Imperceptible (Spriggan Enchanter)      Turns: 87815, Time: 04:29:57

Health: -2/129     AC: 16    Str: 10    XL:     23   Next: 39%
Magic:  43/48      EV: 43    Int: 19    God:    Dithmenos [******]
Gold:   3973       SH:  0    Dex: 18    Spells: 34/63 levels left

rFire    . . .     SeeInvis +   F - +8 rapier "Otobyenud" {pain, MR+ Stlth+}
rCold    . . .     Gourm    .   (shield restricted)
rNeg     . . .     Faith    .   Q - +5 robe of Night {Dark MR+ SInv}
rPois    .         Spirit   .   N - +0 mask of the Dragon {MR+ Slay+3 SInv}
rElec    .         Reflect  .   B - +2 cloak
rCorr    .         Harm     .   (gloves unavailable)
MR       +++++     Clarity  +   (boots unavailable)
Stlth    ++++++++++             s - amulet of rage
HPRegen  0.31/turn              b - +6 ring of evasion
MPRegen  0.31/turn              S - +5 ring of protection

@: very slightly contaminated, wreathed by umbra, very quick
A: very small, unfitting armour, rugged brown scales 1, see invisible, clarity,
herbivore, speed 3, slow metabolism 2
}: 2/15 runes: serpentine, barnacled
a: Shadow Step, Shadow Form, Renounce Religion, Evoke Berserk Rage


You were on level 3 of the Depths.
You worshipped Dithmenos.
Dithmenos was exalted by your worship.
You were not hungry.

You visited 9 branches of the dungeon, and saw 42 of its levels.
You visited 2 bazaars.
You also visited: Labyrinth, Sewer, Ice Cave and Wizlab.

You collected 6680 gold pieces.
You spent 2707 gold pieces at shops.

Inventory:

Hand Weapons
 t - a +7 rapier of electrocution
 v - a +9 rapier of protection
 F - the +8 rapier "Otobyenud" (weapon) {pain, MR+ Stlth+}
   (You found it on level 14 of the Dungeon)

   In the hands of one skilled in necromantic magic, it inflicts extra damage on
   living creatures.
   It affects your resistance to hostile enchantments.
   It makes you more stealthy.
Missiles
 I - 6 throwing nets (quivered)
Armour
 j - +0 fire dragon scales
 B - a +2 cloak (worn)
 N - the +0 mask of the Dragon (worn) {MR+ Slay+3 SInv}
   (You found it on level 3 of the Elven Halls)

   It affects your accuracy and damage with ranged weapons and melee attacks
   (+3).
   It affects your resistance to hostile enchantments.
   It lets you see invisible.
 Q - the +5 robe of Night (worn) {Dark MR+ SInv}
   (You bought it in a shop on level 2 of the Orcish Mines)

   It affects your resistance to hostile enchantments.
   It lets you see invisible.
 R - a +2 hat of magic resistance
 T - the +3 robe of Folly {Archmagi, MR-- Int+5}
   (You took it off a deep elf mage on level 3 of the Elven Halls)

   It affects your intelligence (+5).
   It affects your resistance to hostile enchantments.
Jewellery
 b - a +6 ring of evasion (left hand)
 e - the amulet "Wiepowud" {Acrobat rC+ MR+ Str+2}
   (You took it off a deep elf sorcerer on level 3 of the Elven Halls)

   [amulet of the acrobat]

   It helps you evade while moving and waiting.
   It affects your strength (+2).
   It protects you from cold.
   It affects your resistance to hostile enchantments.
 l - a +4 amulet of reflection
 s - an amulet of rage (around neck)
 D - an uncursed ring of protection from fire
 M - the amulet of Wariness {Gourm Int+4}
   (You found it on level 3 of the Shoals)

   [amulet of the gourmand]

   It allows you to eat raw meat even when not hungry.
   It affects your intelligence (+4).
 S - a +5 ring of protection (right hand)
Wands
 n - a wand of flame (107)
 p - a wand of clouds (5)
 u - a wand of iceblast (38)
 z - a wand of enslavement (44)
 A - a wand of random effects (41)
 C - a wand of paralysis (53)
 V - a wand of disintegration (22)
Scrolls
 a - 15 scrolls of identify
 f - 9 scrolls of fear
 g - 28 scrolls of remove curse
 h - 13 scrolls of teleportation
 k - a scroll of silence
 m - 10 scrolls of fog
 q - 9 scrolls of amnesia
 r - a scroll of blinking
 y - 8 scrolls of immolation
 E - 2 scrolls of vulnerability
 J - a scroll of brand weapon
 O - a scroll of holy word
 Z - 2 scrolls of enchant armour
Potions
 i - 9 potions of flight
 o - 3 potions of cancellation
 w - 2 potions of mutation
 x - a potion of resistance
 G - 5 potions of brilliance
 H - 3 potions of curing
 L - 6 potions of ambrosia
 P - 2 potions of magic
Miscellaneous
 c - 2 phantom mirrors
Comestibles
 d - 37 rations


   Skills:
 + Level 15.1 Fighting
 - Level 14.0 Short Blades
 + Level 23.3 Dodging
 - Level 25.0 Stealth
 + Level 20.6 Spellcasting
 + Level 20.6 Hexes
 - Level 10.0 Necromancy


You had 34 spell levels left.
You knew the following spells:

 Your Spells              Type           Power        Failure   Level  Hunger
a - Ensorcelled Hibernat  Hex/Ice        ######       1%          2    None
b - Corona                Hex            #######      0%          1    None
c - Confuse               Hex            #######.     0%          3    None
d - Tukima's Dance        Hex            #######.     0%          3    None
e - Dazzling Spray        Conj/Hex       ######       1%          3    None
f - Spectral Weapon       Hex/Chrm       ######..     1%          3    None
g - Bolt of Draining      Conj/Necr      #####.....   9%          5    #......
h - Cause Fear            Hex            #######...   0%          4    None
i - Silence               Hex/Air        ######....   1%          5    #......

Your spell library contained the following spells:

 Spells                   Type           Power        Failure   Level  Hunger
 Magic Dart               Conj           ###.         2%          1    None
 Fireball                 Conj/Fire      ###.......   56%         5    #......
 Conjure Flame            Conj/Fire      ###.....     8%          3    None
 Bolt of Fire             Conj/Fire      ###.......   98%         6    ####...
 Bolt of Cold             Conj/Ice       ###.......   98%         6    ####...
 Lightning Bolt           Conj/Air       ###.......   56%         5    #......
 Bolt of Magma            Conj/Fire/Erth ###.......   56%         5    #......
 Slow                     Hex            #######.     0%          2    None
 Throw Flame              Conj/Fire      ###...       3%          2    None
 Freezing Cloud           Conj/Ice/Air   ###.......   98%         6    ####...
 Mephitic Cloud           Conj/Pois/Air  ###.....     8%          3    None
 Venom Bolt               Conj/Pois      ###.......   56%         5    #......
 Blink                    Tloc           N/A          3%          2    None
 Iskenderun's Mystic Bla  Conj           ###.....     26%         4    None
 Animate Dead             Necr           N/A          1%          4    None
 Pain                     Necr           ####         1%          1    None
 Animate Skeleton         Necr           N/A          1%          1    None
 Vampiric Draining        Necr           ######....   1%          3    None
 Ozocubu's Refrigeration  Ice            ###.......   98%         6    ####...
 Sticky Flame             Conj/Fire      ###.....     26%         4    None
 Call Imp                 Summ           ###.....     3%          2    None
 Regeneration             Chrm/Necr      #####.....   1%          3    None
 Sublimation of Blood     Necr           ######....   1%          2    None
 Iron Shot                Conj/Erth      ###.......   98%         6    ####...
 Stone Arrow              Conj/Erth      ###...       8%          3    None
 Shock                    Conj/Air       ###.         2%          1    None
 Swiftness                Chrm/Air       ###.....     3%          2    None
 Recall                   Summ/Tloc      N/A          8%          3    None
 Spider Form              Tmut/Pois      ###.......   8%          3    None
 Blade Hands              Tmut           ###.......   56%         5    #......
 Statue Form              Tmut/Erth      ###......    98%         6    ####...
 Ice Form                 Ice/Tmut       ###.....     26%         4    None
 Dragon Form              Tmut           ###.......   100%        7    ######.
 Death Channel            Necr           ######....   6%          6    ####...
 Deflect Missiles         Chrm/Air       ###.......   98%         6    ####...
 Throw Icicle             Conj/Ice       ###.....     26%         4    None
 Airstrike                Air            ###.......   26%         4    None
 Shadow Creatures         Summ           N/A          98%         6    ####...
 Confusing Touch          Hex            ######       0%          1    None
 Flame Tongue             Conj/Fire      ###..        2%          1    None
 Passwall                 Tmut/Erth      ###.....     3%          2    None
 Ignite Poison            Fire/Tmut/Pois ###.....     8%          3    None
 Sticks to Snakes         Tmut           ###.....     3%          2    None
 Metabolic Englaciation   Hex/Ice        ######....   1%          5    #......
 Shatter                  Erth           ###.......   100%        9    #######
 Static Discharge         Conj/Air       ###.....     8%          3    None
 Alistair's Intoxication  Tmut/Pois      ###.....     56%         5    #......
 Lee's Rapid Deconstruct  Erth           ###.......   56%         5    #......
 Sandblast                Erth           ###...       2%          1    None
 Simulacrum               Ice/Necr       #####.....   43%         6    ####...
 Conjure Ball Lightning   Conj/Air       ###.......   98%         6    ####...
 Portal Projectile        Hex/Tloc       ######       1%          3    None
 Petrify                  Tmut/Erth      ###.....     26%         4    None
 Orb of Destruction       Conj           ###.......   100%        7    ######.
 Tornado                  Air            ###.......   100%        9    #######
 Leda's Liquefaction      Hex/Erth       ######....   1%          4    None
 Darkness                 Hex            #######...   1%          6    ####...
 Shroud of Golubria       Chrm/Tloc      ###.......   3%          2    None
 Inner Flame              Hex/Fire       ######..     1%          3    None
 Beastly Appendage        Tmut           ###...       2%          1    None
 Iskenderun's Battlesphe  Conj/Chrm      ###.....     56%         5    #......
 Fulminant Prism          Conj/Hex       ######....   1%          4    None
 Force Lance              Conj/Tloc      ###.....     26%         4    None
 Infusion                 Chrm           ###.         2%          1    None
 Song of Slaying          Chrm           ###.....     3%          2    None
 Searing Ray              Conj           ###...       3%          2    None
 Summon Lightning Spire   Summ/Air       ###.....     26%         4    None
 Dragon's Call            Summ           ###.......   100%        9    #######
 Spellforged Servitor     Conj/Summ      ###.......   100%        7    ######.
 Hydra Form               Tmut           ###.......   98%         6    ####...
 Irradiate                Conj/Tmut      ###.......   56%         5    #......
 Gell's Gravitas          Tloc           ###.......   8%          3    None
 Yara's Violent Unravell  Hex/Tmut       ######....   1%          5    #......
 Borgnjor's Vile Clutch   Necr/Erth      #####.....   9%          5    #......


Dungeon Overview and Level Annotations

Branches:
Dungeon (15/15)            Temple (1/1) D:7            Lair (6/6) D:8
 Shoals (4/4) Lair:4        Snake (4/4) Lair:2        Slime (0/5) Lair:5
    Orc (2/2) D:10            Elf (3/3) Orc:2        Vaults (4/5) D:14
  Crypt (0/3) Vaults:2     Depths (3/5) D:15

Altars:
Ashenzari
Cheibriados
Dithmenos
Elyvilon
Fedhas
Gozag
Hepliaklqana
Kikubaaqudgha
Makhleb
Nemelex Xobeh
Okawaru
Qazlal
Ru
Sif Muna
Trog
Uskayaw
Vehumet
Wu Jian
Xom
Yredelemnul
Zin
The Shining One
Beogh
Lugonu

Shops:
D:11 (   Orc:2 =[**   Elf:1 (}?=   Elf:2 (   Vaults:3 (

Portals:
Hell: Depths:1 Depths:2 Depths:3
Abyss: Depths:1 Depths:2
Pandemonium: Depths:1 Depths:3
Ziggurat: Depths:1
Trove: Vaults:1 (give +4 fire dragon scales)

Annotations:
D:4 1 runed door
Elf:2 5 runed doors


Innate Abilities, Weirdness & Mutations

You are very small and have problems with some larger weapons.
You are too small for most types of armour.
You have supernaturally acute eyesight. (SInv)
You are a herbivore.
You cover ground extremely quickly.
You need to consume almost no food.
You are partially covered in rugged brown scales. (AC +1, +3% HP)
You possess an exceptional clarity of mind.


Message History

Unknown command.
Casting: Confuse (safe; 0% risk of failure)
Confirm with . or Enter, or press ? or * to list all spells.
Aiming: Confuse (safe; 0% risk of failure)
Press: ? - help, Shift-Dir - straight line, f - caustic shrike
Aim: a caustic shrike (lightly wounded, umbra, chance to defeat MR: 33%)
The caustic shrike easily resists.
The caustic shrike claws you.
* * * LOW HITPOINT WARNING * * *
You are splashed with acid!
The acid burns!
* * * LOW HITPOINT WARNING * * *
Your caustic shrike misses the caustic shrike.
The caustic shrike completely misses you.
Unknown command.
Your caustic shrike completely misses the caustic shrike.
You feel better.
Your caustic shrike shimmers and vanishes!
The caustic shrike claws you.
* * * LOW HITPOINT WARNING * * *
You are splashed with acid!
The acid burns!
You die...

[.##. ≈################ .....
≈###########.###
....†###§§§§≈≈≈##......
...'#§##[..:..§##..#..#
..+#.#'...#..§≈#..#.#..
+#.#'...)#...≈##..#..#
#.#'.Q....##§≈##....[.
##'..b.......≈##.#.#.#
≈##...@.#'#'######'#'##
###########≈.....###.#.####.#.#.#
#........##≈.....'#......#......#
#.....>..##≈.##..#..⌠P>.#+#.#...#
###..>.>.##§...#.)#.P8P..#).###.#
#.......##§§..#.#..>P⌠.#'#...#.#
###..#..##§§§...##......#......#
#.....##§§§≈≈≈##.#)#..#######+
##.#.#.###########'#'##.'...###


You could see a caustic shrike and a tengu reaver.

Vanquished Creatures
  2 juggernauts
  An ancient lich (WizLab)
  Sojobo (Depths:2)
  Boris (Depths:3)
  Frederick (Vaults:4)
  8 caustic shrikes
  Vashnia (Snake:4)
  2 liches
  A tentacled monstrosity (Depths:3)
  A titan (Depths:3)
  2 deep elf blademasters (Elf:3)
  2 deep elf master archers (Elf:3)
  An ancient champion (WizLab)
  Polyphemus (Shoals:4)
  2 sphinxes (Vaults:4)
  6 tengu reavers
  2 storm dragons
  9 nagarajas
  Roxanne (Shoals:4)
  6 fire giants
  A fire giant (shapeshifter) (Depths:2)
  7 frost giants
  An iron dragon (Depths:2)
  The ghost of dricus the Spry, an adept DECj of Vehumet (Snake:3)
  9 deep elf sorcerers
  A balrug (Depths:1)
  11 vault wardens
  17 stone giants
  7 deep elf elementalists
  A war gargoyle (Vaults:4)
  19 ironheart preservers
  12 very ugly things
  5 deep elf demonologists (Elf:3)
  4 vampire knights (Depths:3)
  9 deep elf annihilators
  The ghost of Necrophagist the Fighter, a journeyman DsFi of Qazlal (Orc:2)
  2 spark wasps (Depths:3)
  A minotaur (Lab)
  An entropy weaver (Vaults:2)
  Nessos (D:14)
  Snorg (D:11)
  8 merfolk javelineers
  10 deep elf death magi
  11 ettins
  A jiangshi (Vaults:2)
  9 fire dragons
  8 merfolk impalers
  5 rakshasas
  10 ice dragons
  Fannar (D:12)
  9 ogre magi
  17 naga warriors
  7 great orbs of eyes
  3 deep elf high priests
  8 vault guards
  A catoblepas (Shoals:4)
  A spriggan air mage (Depths:3)
  13 yaktaur captains
  10 hydras
  3 merfolk aquamancers
  A death knight (Vaults:4)
  4 merfolk avatars
  10 centaur warriors
  3 alligator snapping turtles
  12 anacondas
  24 two-headed ogres
  6 deep troll shamans
  3 satyrs
  9 shock serpents
  5 tengu warriors
  Urug (D:11)
  12 dancing weapons
  4 death yaks (Shoals:4)
  A shock serpent (shapeshifter) (Depths:2)
  3 spriggan berserkers
  3 vampire magi
  2 deep troll earth magi
  2 orc high priests
  19 naga sharpshooters
  14 deep elf knights
  2 sun demons (Depths:1)
  4 hell knights
  An iron troll (Depths:2)
  2 fire crabs (shapeshifter)
  3 salamander mystics
  7 skeletal warriors
  9 sea snakes
  14 deep trolls
  A flayed ghost (Vaults:2)
  A kraken simulacrum (Shoals:4)
  3 wizards
  4 unseen horrors
  An orange crystal statue (Depths:2)
  A swamp dragon (shapeshifter) (Vaults:1)
  A lindwurm (Lair:5)
  7 naga ritualists
  17 ironbrand convokers
  2 glowing orange brains
  10 orc knights
  13 deep elf archers
  2 harpies (shapeshifter) (Depths:3)
  4 mana vipers
  22 harpies
  6 necromancers
  9 fauns
  6 orc sorcerers
  2 oklob plants (Lair:3)
  32 ugly things
  12 salamanders
  A wolf spider (Vaults:3)
  42 deep elf magi
  A salamander (shapeshifter) (Vaults:4)
  15 cyclopes
  12 manticores
  17 elephants
  2 guardian serpents
  A black mamba (shapeshifter) (Vaults:2)
  4 water nymphs
  Maurice (D:12)
  29 naga magi
  2 ice statues (IceCv)
  4 merfolk sirens
  11 vault sentinels
  A yaktaur zombie (Vaults:2)
  3 gargoyles
  40 black mambas
  A spiny frog (shapeshifter) (Elf:3)
  3 freezing wraiths
  9 rime drakes
  A komodo dragon (shapeshifter) (Vaults:2)
  12 spiny frogs
  6 komodo dragons
  6 centaur skeletons
  40 yaktaurs
  2 efreet (D:14)
  A guardian mummy (Vaults:1)
  27 merfolk
  A tengu conjurer (D:14)
  14 polar bears
  A queen bee (shapeshifter) (Vaults:1)
  A hornet (D:14)
  9 trolls
  A blink frog (shapeshifter) (Depths:1)
  Grinder (D:6)
  2 hornets (shapeshifter)
  13 blink frogs
  A meliai zombie (D:13)
  A hippogriff (shapeshifter) (Depths:2)
  4 wind drakes
  9 slime creatures
  A frost giant simulacrum (Vaults:2)
  An ettin zombie (Vaults:2)
  11 snapping turtles
  21 dream sheep
  14 hippogriffs
  6 air elementals
  3 shadows
  15 water elementals
  A centaur simulacrum (D:15)
  3 vampires (WizLab)
  A spriggan (D:7)
  10 wyverns
  37 yaks
  A human (shapeshifter) (Elf:2)
  3 spriggans (shapeshifter)
  3 wraiths
  A golden eye (shapeshifter) (Vaults:2)
  5 hungry ghosts
  9 basilisks
  2 fire elementals
  11 vampire mosquitoes
  A human simulacrum (Vaults:3)
  5 wargs
  45 nagas
  A soldier ant (D:12)
  A soldier ant (shapeshifter) (Depths:1)
  4 two-headed ogre zombies (WizLab)
  2 acid dragons
  11 water moccasins
  5 porcupines
  A floating eye (shapeshifter) (Vaults:4)
  A black bear (D:8)
  A swamp drake (Orc:1)
  32 orc warriors
  3 sky beasts
  A human zombie (Vaults:2)
  5 ice beasts
  An eye of draining (D:15)
  A black bear (shapeshifter) (Vaults:3)
  2 phantoms
  28 ogres
  10 boggarts
  17 wolves
  A human skeleton (Vaults:3)
  27 centaurs
  2 big kobolds (D:11)
  15 crocodiles
  Blork the orc (D:7)
  21 bullfrogs
  4 earth elementals
  A gnoll sergeant (D:7)
  8 troll zombies (WizLab)
  A wyvern skeleton (D:11)
  3 scorpions
  An orc simulacrum (Vaults:2)
  6 electric eels
  15 wights
  5 howler monkeys
  8 crimson imps
  2 bullfrog zombies
  3 centaur zombies
  5 hounds
  A gnoll shaman (Orc:2)
  13 orc priests
  8 jellies
  A quasit (D:13)
  29 orc wizards
  3 bullfrog skeletons
  An iron imp (Orc:1)
  4 iguanas
  8 worker ants
  2 hell rats (Lair:2)
  2 killer bee zombies
  6 ogre zombies (WizLab)
  12 gnolls
  11 adders
  8 river rats (Lair:2)
  3 shadow imps
  A white imp (Orc:1)
  3 oozes
  An adder zombie (D:5)
  An adder skeleton (D:4)
  7 worms
  4 dart slugs
  7 leopard geckos
  88 orcs
  5 giant cockroaches
  8 goblins
  3 hobgoblins
  8 jackals
  13 kobolds
  7 quokkas
  A ball python (D:4)
  9 bats
  4 frilled lizards
  3 quokka skeletons
  9 rats
  3 crawling corpses (Elf:3)
1749 creatures vanquished.

Vanquished Creatures (collateral kills)
  A merfolk impaler (Shoals:4)
  2 orc high priests (Orc:2)
  2 mana vipers (Snake:4)
  A guardian serpent (Snake:4)
  A naga (Snake:4)
  2 orc warriors
  An orc wizard (D:10)
  2 gnolls (D:7)
  An orc (D:10)
13 creatures vanquished.

Vanquished Creatures (others)
  A stone giant (Depths:1)
  An ettin (Depths:1)
  An orc knight (Orc:2)
  A deep elf archer (Elf:1)
  A komodo dragon (shapeshifter) (Depths:2)
  A water elemental (Depths:1)
  3 dancing weapons
  An ogre (Vaults:3)
  A boggart (Vaults:2)
  2 orcs
  A crawling corpse (Elf:3)
  6 fungi
  20 plants
  A spectral weapon (Vaults:3)
41 creatures vanquished.

Grand Total: 1803 creatures vanquished

Notes
Turn   | Place    | Note
-------+----------+-------------------------------------------
     0 | D:1      | Talesh the Spriggan Enchanter began the quest for the Orb.
     0 | D:1      | Reached XP level 1. HP: 9/9 MP: 5/5
   491 | D:1      | Reached XP level 2. HP: 13/13 MP: 7/7
   495 | D:1      | Learned a level 2 spell: Ensorcelled Hibernation
  1875 | D:1      | Upgraded the game from 0.23-a0-26-g9187234747 to 0.23-a0-32-g1388f29e54
  2061 | D:2      | Reached XP level 3. HP: 16/16 MP: 9/9
  2070 | D:2      | Learned a level 3 spell: Confuse
  2237 | D:2      | Learned a level 3 spell: Tukima's Dance
  2734 | D:2      | Reached XP level 4. HP: 21/21 MP: 8/11
  2739 | D:2      | Found an ornate altar of the Wu Jian Council.
  2756 | D:2      | Reached skill level 5 in Hexes
  3457 | D:2      | Found a hazy altar of Hepliaklqana.
  3466 | D:2      | Found a basalt altar of Yredelemnul.
  3466 | D:2      | Found a shimmering altar of Xom.
  3469 | D:2      | Found a burning altar of Makhleb.
  3477 | D:2      | Gained mutation: You are partially covered in rugged brown scales. (AC +1, +3% HP) [potion of mutation]
  3477 | D:2      | Gained mutation: You possess an exceptional clarity of mind. [potion of mutation]
  3635 | D:2      | Found a faded altar of an unknown god.
  3866 | D:3      | Found an ancient bone altar of Kikubaaqudgha.
  3866 | D:3      | Found a blossoming altar of Fedhas.
  3916 | D:3      | Learned a level 3 spell: Dazzling Spray
  4511 | D:3      | Reached XP level 5. HP: 24/24 MP: 13/13
  5034 | D:4      | Reached skill level 5 in Stealth
  5044 | D:4      | Reached skill level 6 in Stealth
  5317 | D:4      | Found a glowing golden altar of the Shining One.
  5317 | D:4      | Noticed an angel
  5323 | D:4      | Found a runed door.
  5389 | D:4      | Found a glowing golden altar of the Shining One.
  5464 | D:4      | Found a hide-covered altar of Uskayaw.
  5538 | D:5      | Entered Level 5 of the Dungeon
  5541 | D:5      | Noticed a centaur
  5728 | D:5      | Noticed an ogre
  5729 | D:5      | Killed a centaur
  5729 | D:5      | Reached skill level 7 in Stealth
  5729 | D:5      | Reached XP level 6. HP: 16/28 MP: 11/14
  6109 | D:5      | Reached skill level 8 in Stealth
  6156 | D:6      | Reached skill level 9 in Stealth
  6180 | D:6      | Noticed Grinder
  6188 | D:6      | Paralysed by Grinder for 6 turns
  6210 | D:6      | Killed Grinder
  6210 | D:6      | Reached skill level 11 in Stealth
  6210 | D:6      | Reached XP level 7. HP: 16/32 MP: 13/15
  6284 | D:6      | Found a snail-covered altar of Cheibriados.
  6340 | D:6      | Found a glowing drain.
  6349 | Sewer    | Entered a sewer
  6662 | Sewer    | Reached skill level 12 in Stealth
  6989 | D:5      | Reached XP level 8. HP: 37/37 MP: 12/16
  7304 | D:5      | Found a blossoming altar of Fedhas.
  7375 | D:5      | Reached skill level 13 in Stealth
  7651 | D:5      | Reached skill level 14 in Stealth
  8349 | D:6      | Reached skill level 15 in Stealth
  9169 | D:7      | Reached skill level 5 in Spellcasting
  9412 | D:7      | Reached XP level 9. HP: 34/41 MP: 1/17
  9672 | D:7      | Noticed Blork the orc
  9674 | D:7      | Killed Blork the orc
  9674 | D:7      | Reached skill level 1 in Fighting
  9719 | D:7      | Found a deep blue altar of Sif Muna.
  9838 | D:7      | Found an iron altar of Okawaru.
  9890 | D:7      | Found a staircase to the Ecumenical Temple.
  9900 | Temple   | Entered the Ecumenical Temple
  9932 | Temple   | Became a worshipper of Dithmenos the Shadowed
 10505 | D:8      | Got a steaming dagger
 10506 | D:8      | Identified the cursed +1 dagger "Utuapemn" {venom, *Corrode +Blink SInv} (You found it on level 8 of the Dungeon)
 10530 | D:8      | Reached skill level 5 in Dodging
 10530 | D:8      | Reached skill level 16 in Stealth
 11018 | D:8      | Found a staircase to the Lair.
 11363 | D:9      | Found a shadowy altar of Dithmenos.
 11372 | D:9      | Reached * piety under Dithmenos
 11732 | D:9      | You fall through a shaft for 2 floors!
 11733 | D:11     | Noticed a two-headed ogre
 11735 | D:11     | Killed a two-headed ogre
 11735 | D:11     | Reached XP level 10. HP: 49/49 MP: 19/21
 11774 | D:11     | Noticed a manticore
 11779 | D:11     | Killed a manticore
 11804 | D:11     | Noticed a five-headed hydra
 11810 | D:11     | Noticed Urug
 11813 | D:11     | Killed Urug
 11817 | D:11     | Noticed a cyan ugly thing
 11951 | D:11     | Killed a five-headed hydra
 11951 | D:11     | Reached skill level 5 in Short Blades
 12236 | D:10     | Entered Level 10 of the Dungeon
 12418 | D:10     | Noticed a cyclops
 12434 | D:10     | Killed a cyclops
 12863 | D:10     | Found a staircase to the Orcish Mines.
 13206 | D:10     | Reached XP level 11. HP: 54/54 MP: 24/24
 13289 | D:10     | Reached skill level 17 in Stealth
 13510 | D:10     | Reached ** piety under Dithmenos
 13690 | D:10     | Noticed an ice dragon
 13974 | D:10     | Killed an ice dragon
 14570 | D:9      | Noticed a two-headed ogre
 14577 | D:9      | Killed a two-headed ogre
 14829 | D:9      | You fall through a shaft for 2 floors!
 14845 | D:11     | Found Jiuniamm's Weapon Shoppe.
 15111 | D:11     | Noticed a centaur warrior
 15140 | D:11     | Killed a centaur warrior
 15423 | D:11     | Killed a cyan ugly thing
 15814 | D:11     | Noticed an unseen horror
 15838 | D:11     | Killed an unseen horror
 15838 | D:11     | Reached skill level 5 in Fighting
 15850 | D:11     | Noticed a six-headed hydra
 15853 | D:11     | Noticed Snorg
 15857 | D:11     | Killed a six-headed hydra
 15910 | D:11     | Killed Snorg
 16070 | D:11     | Reached *** piety under Dithmenos
 16331 | D:12     | Noticed Fannar
 16334 | D:12     | Killed Fannar
 16334 | D:12     | Reached XP level 12. HP: 61/61 MP: 26/26
 16551 | D:12     | Reached skill level 10 in Dodging
 16732 | D:12     | Noticed an eight-headed hydra
 16739 | D:12     | Killed an eight-headed hydra
 16739 | D:12     | Reached skill level 18 in Stealth
 16863 | D:12     | Noticed Maurice
 16871 | D:12     | Killed Maurice
 17248 | D:13     | Noticed a centaur warrior
 17251 | D:13     | Killed a centaur warrior
 17251 | D:13     | Reached skill level 10 in Hexes
 17264 | D:13     | Noticed a two-headed ogre
 17273 | D:13     | Killed a two-headed ogre
 17273 | D:13     | Reached skill level 10 in Spellcasting
 17288 | D:13     | Found a basalt altar of Yredelemnul.
 17476 | D:13     | Found a frozen archway.
 17485 | D:13     | Noticed a centaur warrior
 17493 | D:13     | Killed a centaur warrior
 17541 | IceCv    | Entered an ice cave
 17640 | IceCv    | Reached **** piety under Dithmenos
 18391 | IceCv    | Noticed a frost giant
 18416 | IceCv    | Killed a frost giant
 18426 | IceCv    | Reached XP level 13. HP: 33/66 MP: 4/28
 21011 | D:14     | Reached skill level 19 in Stealth
 21094 | D:14     | Found a gate to the Vaults.
 21794 | D:14     | Noticed Nessos
 21800 | D:14     | Killed Nessos
 21843 | D:14     | Reached ***** piety under Dithmenos
 22395 | D:14     | Got an ichor-stained rapier
 22396 | D:14     | Identified the +8 rapier "Otobyenud" {pain, MR+ Stlth+} (You found it on level 14 of the Dungeon)
 22456 | D:14     | Identified a scroll of acquirement
 22456 | D:14     | Identified Sif Muna's Papyrus of Conjuration and Bewitchment (You acquired it on level 14 of the Dungeon)
 22464 | D:14     | Learned a level 3 spell: Spectral Weapon
 22470 | D:14     | Learned a level 5 spell: Bolt of Draining
 22545 | D:14     | Reached skill level 1 in Necromancy
 22833 | Lair:1   | Entered Level 1 of the Lair of Beasts
 24010 | Lair:2   | Reached skill level 5 in Necromancy
 24133 | Lair:2   | Found a staircase to the Snake Pit.
 25303 | Lair:2   | Reached XP level 14. HP: 74/74 MP: 30/30
 26111 | Lair:3   | Got a steaming copper ring
 26112 | Lair:3   | Identified the ring "Geunun" {rC- Dex+7 Slay+3 SInv} (You found it on level 3 of the Lair of Beasts)
 27342 | Lair:4   | Found a staircase to the Shoals.
 28240 | Lair:5   | Reached ****** piety under Dithmenos
 28768 | Lair:5   | Found a staircase to the Slime Pits.
 28774 | Lair:5   | Reached skill level 10 in Necromancy
 29384 | Lair:6   | Entered Level 6 of the Lair of Beasts
 29867 | Lair:6   | Reached skill level 10 in Short Blades
 31110 | Lair:6   | Reached XP level 15. HP: 79/79 MP: 31/31
 32988 | Lair:6   | Learned a level 4 spell: Cause Fear
 33517 | Orc:1    | Entered Level 1 of the Orcish Mines
 33748 | Orc:1    | Found a roughly hewn altar of Beogh.
 34759 | Orc:2    | Entered Level 2 of the Orcish Mines
 35030 | Orc:2    | Found a staircase to the Elven Halls.
 35331 | Orc:2    | Found a runed door.
 35332 | Orc:2    | Noticed Necrophagist's ghost (journeyman DsFi)
 35909 | Orc:2    | Reached skill level 20 in Stealth
 36725 | Orc:2    | Found Tiqin's Assorted Antiques.
 36725 | Orc:2    | Found Zogugh's Assorted Antiques.
 36730 | Orc:2    | Found Yleghal's Jewellery Boutique.
 36730 | Orc:2    | Found Suddiz's Armour Emporium.
 36784 | Orc:2    | Bought the +5 robe of Night {Dark MR+ SInv} for 960 gold pieces
 36784 | Orc:2    | Found the +5 robe of Night {Dark MR+ SInv}
 36797 | Orc:2    | Bought a +5 ring of protection for 825 gold pieces
 36808 | Orc:2    | Bought a scroll of enchant armour for 255 gold pieces
 36880 | Orc:2    | Killed Necrophagist's ghost
 36982 | Elf:1    | Entered Level 1 of the Elven Halls
 37045 | Elf:1    | Found a flickering gateway to a bazaar.
 37056 | Bazaar   | Entered a bazaar
 37066 | Bazaar   | Found Ysae's Antique Armour Shop.
 37094 | Bazaar   | Found Diremoam's Gadget Shop.
 37120 | Bazaar   | Bought a runed robe for 88 gold pieces
 37120 | Bazaar   | Bought a distressingly furry buckler for 228 gold pieces
 37120 | Bazaar   | Bought a glowing robe for 88 gold pieces
 37167 | Bazaar   | Identified the -5 buckler of Plog {Dex+3} (You bought it in a shop in a bazaar)
 37287 | Elf:1    | Found Pasarhid's Gadget Boutique.
 37289 | Elf:1    | Found Qyut's Magic Scroll Shop.
 37290 | Elf:1    | Found Jexzoedi's Jewellery Boutique.
 37303 | Elf:1    | Bought a scroll of magic mapping for 59 gold pieces
 37303 | Elf:1    | Bought a scroll of identify for 34 gold pieces
 37303 | Elf:1    | Bought 3 scrolls of identify for 102 gold pieces
 37303 | Elf:1    | Bought a scroll of identify for 34 gold pieces
 37303 | Elf:1    | Bought a scroll of identify for 34 gold pieces
 37312 | Elf:1    | Found Heqis's Antique Weapon Emporium.
 38631 | Elf:2    | Found Gan Geso's Weapon Emporium.
 38780 | Elf:2    | Reached XP level 16. HP: 84/84 MP: 33/33
 38790 | Elf:2    | Found a huge runed gate.
 38790 | Elf:2    | Found a huge runed gate.
 38790 | Elf:2    | Found a huge runed gate.
 38790 | Elf:2    | Found a huge runed gate.
 38790 | Elf:2    | Found a huge runed gate.
 39910 | Elf:3    | Entered Level 3 of the Elven Halls
 40857 | D:15     | Entered Level 15 of the Dungeon
 40889 | D:15     | Found a labyrinth entrance.
 40898 | Lab      | Entered a labyrinth
 41666 | D:15     | Reached skill level 21 in Stealth
 41757 | D:15     | Found a shimmering altar of Xom.
 41983 | D:15     | Found a shimmering altar of Xom.
 41989 | D:15     | Found a shimmering altar of Xom.
 41999 | D:15     | Found a shimmering altar of Xom.
 42005 | D:15     | Found a shimmering altar of Xom.
 42009 | D:15     | Found a shimmering altar of Xom.
 42009 | D:15     | Found a shimmering altar of Xom.
 42135 | D:15     | Reached skill level 15 in Dodging
 42659 | D:15     | Found a staircase to the Depths.
 42692 | Depths:1 | Entered Level 1 of the Depths
 42748 | Depths:1 | Found a one-way gate to the infinite horrors of the Abyss.
 43389 | Depths:1 | Reached XP level 17. HP: 61/90 MP: 23/36
 43783 | Depths:1 | Found a gateway to Hell.
 43786 | Depths:1 | Identified the Collected Works on Orientation and Earth
 43875 | Depths:1 | Found a gateway to a ziggurat.
 44009 | Depths:1 | Found a one-way gate leading to the halls of Pandemonium.
 44691 | Depths:1 | Found a gateway to a bazaar.
 44969 | Depths:2 | Noticed a lich
 44971 | Depths:2 | Killed a lich
 45070 | D:15     | Upgraded the game from 0.23-a0-32-g1388f29e54 to 0.23-a0-33-g1e3a2e4e2f
 45282 | Snake:1  | Entered Level 1 of the Snake Pit
 46725 | Snake:2  | Reached skill level 10 in Fighting
 48104 | Snake:3  | Found a runed door.
 48108 | Snake:3  | Noticed dricus's ghost (adept DECj)
 48114 | Snake:3  | Killed dricus's ghost
 48160 | Snake:3  | Reached skill level 22 in Stealth
 49424 | Snake:4  | Entered Level 4 of the Snake Pit
 50074 | Shoals:1 | Entered Level 1 of the Shoals
 50859 | Shoals:1 | Reached skill level 15 in Hexes
 50941 | Shoals:1 | Reached XP level 18. HP: 97/97 MP: 37/37
 51235 | Shoals:1 | Reached skill level 15 in Spellcasting
 53496 | Shoals:3 | Got a bound pewter amulet
 53497 | Shoals:3 | Identified the amulet of Wariness {Gourm Int+4} (You found it on level 3 of the Shoals)
 54061 | Shoals:4 | Entered Level 4 of the Shoals
 54132 | Shoals:4 | Noticed Polyphemus
 54139 | Shoals:4 | Killed Polyphemus
 55362 | Shoals:4 | Got a barnacled rune of Zot
 55802 | Shoals:4 | Noticed Roxanne
 55855 | Shoals:4 | Killed Roxanne
 56073 | Shoals:4 | Reached skill level 23 in Stealth
 58070 | Snake:4  | Reached XP level 19. HP: 103/103 MP: 39/39
 58709 | Snake:4  | Noticed Vashnia
 59230 | Snake:4  | Killed Vashnia
 62971 | Snake:4  | Got a serpentine rune of Zot
 63552 | Vaults:1 | Entered Level 1 of the Vaults
 64626 | Vaults:1 | Found a portal to a secret trove of treasure.
 65344 | Vaults:1 | Reached skill level 24 in Stealth
 66046 | Vaults:1 | Reached XP level 20. HP: 107/110 MP: 38/41
 66152 | Vaults:2 | Found a staircase to the Crypt.
 68796 | Vaults:3 | Found a magical portal.
 68807 | Vaults:3 | Got an ichor-stained dagger
 68818 | WizLab   | Entered Zonguldrok's Shrine
 69770 | WizLab   | Noticed an antique lich
 69780 | WizLab   | Killed an antique lich
 69848 | WizLab   | Found the +9 sword of Zonguldrok {reap}
 69895 | Vaults:3 | Identified the +4 dagger of Imminent Death {pierce, *Rage rC+ Str+2} (You found it on level 3 of the Vaults)
 70009 | Vaults:3 | Found Kirercho's Antique Weapon Boutique.
 71541 | Vaults:3 | Reached skill level 25 in Stealth
 71566 | Vaults:3 | Reached XP level 21. HP: 115/115 MP: 43/43
 74533 | Vaults:4 | Noticed Frederick
 74566 | Vaults:4 | Killed Frederick
 76730 | Elf:3    | Got a faintly glowing robe
 76733 | Elf:3    | Identified the cursed +1 robe of the Alphagorgon {rN+ Str+2 Int+2 Dex-3} (You took it off a deep elf sorcerer on level 3 of the Elven Halls)
 78836 | Elf:3    | Reached XP level 22. HP: 122/122 MP: 46/46
 78838 | Elf:3    | Got a slimy amethyst amulet
 78839 | Elf:3    | Identified the amulet "Wiepowud" {Acrobat rC+ MR+ Str+2} (You took it off a deep elf sorcerer on level 3 of the Elven Halls)
 79260 | Elf:3    | Learned a level 5 spell: Silence
 79281 | Elf:3    | Found the +0 mask of the Dragon {MR+ Slay+3 SInv}
 79281 | Elf:3    | Identified Sif Muna's Compendium of Earth
 79837 | Bazaar   | Entered a bazaar
 79837 | Bazaar   | Found Xutuam's Weapon Boutique.
 79837 | Bazaar   | Found Rihachec's Armour Shop.
 79837 | Bazaar   | Found Pochoos's Antique Weapon Shop.
 80609 | Depths:2 | Found a runed door.
 80754 | Depths:2 | Found a corrupted altar of Lugonu.
 81097 | Depths:2 | Noticed Sojobo
 81102 | Depths:2 | Killed Sojobo
 81491 | Depths:2 | Found a runed door.
 81498 | Depths:2 | Found the +3 giant club "Skullcrusher" {speed, Str+7}
 81654 | Depths:2 | Noticed a juggernaut
 81656 | Depths:2 | Noticed a juggernaut
 82650 | Depths:2 | Killed a juggernaut
 83245 | Depths:2 | Noticed a caustic shrike
 83277 | Depths:2 | Noticed a caustic shrike
 83279 | Depths:2 | a caustic shrike changed into an iron giant
 83284 | Depths:2 | Noticed a caustic shrike
 83284 | Depths:2 | an iron giant changed into a caustic shrike
 83288 | Depths:2 | a caustic shrike changed into an acid blob
 83767 | Depths:3 | Noticed a caustic shrike
 83767 | Depths:3 | Noticed a caustic shrike
 83768 | Depths:3 | Noticed a caustic shrike
 83768 | Depths:3 | Noticed a caustic shrike
 83769 | Depths:3 | Killed a caustic shrike
 83769 | Depths:3 | Noticed a caustic shrike
 83795 | Depths:2 | Killed a caustic shrike
 84143 | Depths:3 | Killed a caustic shrike
 84164 | Depths:3 | Killed a caustic shrike
 84176 | Depths:3 | Killed a caustic shrike
 84711 | Depths:3 | Noticed Boris
 84737 | Depths:3 | Killed Boris
 85102 | Depths:3 | Found a deep blue altar of Sif Muna.
 85103 | Depths:3 | Found a deep blue altar of Sif Muna.
 85112 | Depths:3 | Found a blossoming altar of Fedhas.
 85161 | Depths:3 | Noticed a caustic shrike
 85167 | Depths:3 | Killed a caustic shrike
 85195 | Depths:3 | Noticed a juggernaut
 85231 | Depths:3 | Killed a juggernaut
 85237 | Depths:3 | Reached XP level 23. HP: 71/128 MP: 48/48
 86339 | Depths:3 | Noticed a caustic shrike
 86346 | Depths:3 | Killed a caustic shrike
 86381 | Depths:3 | Noticed a caustic shrike
 86387 | Depths:3 | Killed a caustic shrike
 87046 | Depths:3 | Reached skill level 15 in Fighting
 87803 | Depths:3 | Noticed a caustic shrike
 87813 | Depths:3 | HP: 2/129 [acid (8)]
 87815 | Depths:3 | Splashed by a caustic shrike's acid

Vault maps used:
D:1:      dpeg_arrival_brainrot, minmay_misc_feat_tower, minivault_19,
          minmay_misc_feat_nine_boxes
D:2:      old_standard_altar, grunt_temple_overflow_open,
          chequers_ecumenical_altar_grove
D:3:      grunt_temple_overflow_growth_and_decay, kennysheep_cross_room,
          minmay_goblin_kobold_house
D:4:      tso_oasis_becter, lemuel_coloured_pillars_altar, first_ration,
          hangedman_decor_peaks_small, lemuel_angel_altar
D:5:      basic_altar
D:6:      nicolae_overflow_crystal_walls, cheibrodos_sewer_entry_drain,
          uniq_grinder
D:7:      lemuel_doored_altar, tgw_sif, temple_statues, the_bakery,
          minivault_27, kennysheep_generic_room_14
D:8:      grunt_lair_entry_orc_guard_hut
D:9:      nicolae_dithmenos_through_a_glass_darkly
D:10:     dragon1_lemuel, orc_0_dummy, minmay_misc_feat_ornament,
          nicolae_straight_to_the_point
D:11:     serial_shops, shop, roderic_roman_lattice, uniq_snorg, uniq_urug
D:12:     uniq_maurice, uniq_fannar
D:13:     portal_ice_cave_entry_pillars_2, yredelemnul_altar_generic
D:14:     david_vaults_1, fountainhead, uniq_nessos
D:15:     grunt_enter_depths_snipers, nicolae_xom_altar_mimics,
          lab_entry_generic
Temple:   cyrus_temple_forest
Lair:1:   st_stairs_13
Lair:2:   dummy_snake_entry, kennysheep_rathole
Lair:3:   st_stairs_6, grunt_megastairs_2, minmay_lair_oklob_chamber
Lair:4:   minmay_shoals_entry_hut, special_room
Lair:5:   minmay_slime_entry_pillars, grunt_megastairs_4,
          infiniplex_staircase_pool, serial_bayou_shore_a, lemuel_fruit_tree
Lair:6:   gammafunk_lair_ancient_temple, lemuel_fruit_fields,
          serial_bayou_shore_b, serial_bayou_shore_b
Shoals:1: nicolae_shoals_this_corrosion
Shoals:4: shoals_end_grunt_ice, uniq_roxanne, uniq_polyphemus
Snake:1:  grunt_ministairs_1
Snake:2:  grunt_ministairs_7
Snake:3:  ebering_ghost_inner_flame, st_stairs_3
Snake:4:  snake_pit, serial_bayou_shore_b, grunt_megastairs_1, uniq_vashnia
Orc:1:    basic_altar, hangedman_minor_magic
Orc:2:    grunt_orc_tribal_feast, ebering_ghost_inner_flame
Elf:1:    serial_shops, bzr_entry_lakeside, nicolae_shop_stone,
          evilmike_minifort, spider_trap, minmay_shop_star
Elf:2:    serial_shops, nicolae_shop_statue_plus
Elf:3:    elf_hall
Vaults:1: v_misc_14, hangedman_vaults_stream, hangedman_vaults_stagger,
          nicolae_vaults_rhombus_7, v_alt_pattern_6, vaults_dpeg_encased_lava,
          nicolae_vaults_ring_of_whatevers, vaults_dpeg_cross,
          vaults_mumra_hexcomb, vaults_room_semicircle,
          nicolae_trove_entry_path_of_doom
Vaults:2: v_misc_13, v_misc_9, minmay_crypt_entry_simple_statues, st_star,
          v_misc_33, v_rooms_3, v_misc_14, nicolae_vaults_little_squares_3,
          grunt_vaults_diagonal, vaults_mumra_hex, v_misc_27
Vaults:3: v_rooms_1, nicolae_vaults_quartermaster, vaults_room_door_hall,
          nicolae_vaults_puzzle_piece, nicolae_vaults_angled_halls,
          nicolae_vaults_ring_of_whatevers, grunt_vaults_hallway_short,
          v_misc_13, mu_enter_wizlab_4, serial_shops, shop
Vaults:4: v_misc_19, nicolae_vaults_big_ls, ontoclasm_vaults_tryst,
          nicolae_vaults_minivaults, nicolae_vaults_ring_of_whatevers,
          vaults_room_grid, v_misc_32, v_misc_2, grunt_vaults_twisty,
          hangedman_vaults_stretched_pinwheel, vaults_dpeg_diagonal,
          nicolae_vaults_little_squares_1, uniq_frederick
Depths:1: enter_ziggurat_a, lightli_too_deep, pan_entry, serial_shops,
          freezing_bzr, abyss_entry, lemuel_freeze_loot_1, serial_bayou_shore_b,
          roderic_lattice_octagonal_star
Depths:2: thingy_vault_2, abyss_entry_flame_altar, pf_hell_entry_tar_spiral,
          hangedman_decor_lopped, lemuel_flame_loot_1, uniq_sojobo
Depths:3: hangedman_slaughterboxes, hell_entry, serial_shops, pan_entry,
          uniq_boris
Lab:      labyrinth_watery, nicolae_lab_arrow, nicolae_lab_big_swirl,
          nicolae_lab_starburst, labyrinth_skeletal_remains, lab_fountain
Bazaar:   bazaar_jpeg_cross, bazaar_outfitter
Sewer:    sewer_big_baddie
IceCv:    ice_cave_small_giant
WizLab:   wizlab_zonguldrok

Skill      XL: |  1  2  3  4  5  6  7  8  9 10 11 12 13 14 15 16 17 18 19 20 21 22 23 |
---------------+----------------------------------------------------------------------+-----
Spellcasting   | 3 4 5 6 8 9 10 11 12 14 15 16 17 19 20 | 20.6
Hexes          | 4 5 7 8 9 10 11 13 14 15 17 18 19 20 | 20.6
Stealth        | 7 11 12 15 16 17 18 19 20 21 22 23 24 25 | 25.0
Fighting       | 2 4 5 6 7 8 9 10 11 12 13 14 15 | 15.1
Short Blades   | 4 5 7 8 9 10 11 12 13 14 | 14.0
Dodging        | 6 8 9 11 12 13 14 15 16 17 19 20 21 22 23 | 23.3
Necromancy     | 5 10 | 10.0

Action                   |  1- 3 |  4- 6 |  7- 9 | 10-12 | 13-15 | 16-18 | 19-21 | 22-24 || total
-------------------------+-------+-------+-------+-------+-------+-------+-------+-------++-------
Melee: Dagger            |    80 |   152 |   247 |   100 |       |       |       |       ||   579
       Short sword       |       |       |       |   351 |   159 |       |       |       ||   510
       Rapier            |       |       |       |       |   831 |  1117 |  1757 |   602 ||  4307
Throw: Throwing net      |       |       |       |       |       |       |     2 |       ||     2
 Cast: Corona            |     1 |       |       |       |       |       |       |       ||     1
       Ensorcelled Hiber |    21 |    39 |    67 |    68 |   124 |    99 |    39 |    15 ||   472
       Tukima's Dance    |     1 |     1 |     6 |     4 |     1 |     7 |     2 |       ||    22
       Dazzling Spray    |       |     2 |     5 |    23 |    45 |    94 |   123 |    24 ||   316
       Confuse           |       |     5 |    22 |    36 |    69 |    68 |   134 |    53 ||   387
       Bolt of Draining  |       |       |       |       |       |       |     2 |       ||     2
       Spectral Weapon   |       |       |       |       |       |       |     1 |       ||     1
Invok: Shadow Step       |       |       |       |       |     1 |     2 |     3 |     4 ||    10
 Abil: Evoke Berserk Rag |       |       |       |       |     3 |     3 |     1 |     6 ||    13
Evoke: Wand              |       |       |       |       |    27 |     3 |    21 |     5 ||    56
       Phantom mirror    |       |       |       |       |       |       |       |     1 ||     1
  Use: Scroll            |     6 |     9 |    10 |     8 |    13 |    10 |    17 |    11 ||    84
       Potion            |     1 |     9 |     3 |    15 |     8 |    17 |    15 |     8 ||    76
 Stab: Sleeping          |    14 |    31 |    60 |    76 |   168 |   192 |   134 |    54 ||   729
       Confused          |       |     2 |     8 |    23 |    43 |    41 |    75 |    28 ||   220
       Invisible         |       |       |     2 |    15 |    15 |    38 |    23 |       ||    93
       Distracted        |       |       |       |     2 |     9 |    22 |    30 |     6 ||    69
       Paralysed         |       |       |       |       |     1 |       |       |       ||     1
       Held in net/web   |       |       |       |       |       |       |     4 |       ||     4
  Eat: Ration            |     1 |     2 |     4 |     6 |    11 |    10 |    14 |     6 ||    54
Armor: Robe              |     6 |    13 |    44 |    36 |    50 |    49 |    72 |    26 ||   296
       Skin              |       |    15 |       |       |       |       |       |       ||    15
Dodge: Dodged            |    55 |   101 |   254 |   554 |  1026 |   946 |  1271 |   437 ||  4644

Table legend:
 A = Spawn XP
 B = Non-spawn XP
 C = Spawn XP percentage of total XP
 D = Spawn monster count
 E = Non-spawn monster count
 F = Spawn count percentage of total count
 G = Total turns spent on level
                    A         B        C        D         E        F      G
               +---------+---------+-------+---------+---------+-------+---------
         Total |       0 |  899808 |   0.0 |       0 |    1760 |   0.0 | 87815
               +---------+---------+-------+---------+---------+-------+---------
           D:1 |       0 |      39 |   0.0 |       0 |      16 |   0.0 |  2541
           D:2 |       0 |     112 |   0.0 |       0 |      28 |   0.0 |  1204
           D:3 |       0 |      58 |   0.0 |       0 |      20 |   0.0 |  1237
           D:4 |       0 |     122 |   0.0 |       0 |       9 |   0.0 |  1064
           D:5 |       0 |    1046 |   0.0 |       0 |      24 |   0.0 |  1545
           D:6 |       0 |    1077 |   0.0 |       0 |      27 |   0.0 |   999
           D:7 |       0 |    1164 |   0.0 |       0 |      16 |   0.0 |  1169
           D:8 |       0 |    1370 |   0.0 |       0 |      18 |   0.0 |   966
           D:9 |       0 |    1339 |   0.0 |       0 |      15 |   0.0 |  1111
          D:10 |       0 |    3758 |   0.0 |       0 |      43 |   0.0 |  2449
          D:11 |       0 |   10955 |   0.0 |       0 |      45 |   0.0 |  2103
          D:12 |       0 |    5585 |   0.0 |       0 |      19 |   0.0 |  1001
          D:13 |       0 |    6757 |   0.0 |       0 |      24 |   0.0 |  1062
          D:14 |       0 |   13481 |   0.0 |       0 |      45 |   0.0 |  2142
          D:15 |       0 |   20295 |   0.0 |       0 |      51 |   0.0 |  1435
        Lair:1 |       0 |    4430 |   0.0 |       0 |      20 |   0.0 |  1185
        Lair:2 |       0 |    3981 |   0.0 |       0 |      28 |   0.0 |  1762
        Lair:3 |       0 |    4441 |   0.0 |       0 |      11 |   0.0 |  1208
        Lair:4 |       0 |   11290 |   0.0 |       0 |      45 |   0.0 |  1425
        Lair:5 |       0 |   10227 |   0.0 |       0 |      37 |   0.0 |  3414
        Lair:6 |       0 |   19970 |   0.0 |       0 |      67 |   0.0 |  1891
      Shoals:1 |       0 |   15338 |   0.0 |       0 |      38 |   0.0 |  1661
      Shoals:2 |       0 |   13036 |   0.0 |       0 |      25 |   0.0 |  1435
      Shoals:3 |       0 |   11006 |   0.0 |       0 |      23 |   0.0 |  1377
      Shoals:4 |       0 |   40882 |   0.0 |       0 |      63 |   0.0 |  2013
       Snake:1 |       0 |    4622 |   0.0 |       0 |       8 |   0.0 |  1290
       Snake:2 |       0 |   21572 |   0.0 |       0 |      42 |   0.0 |  1637
       Snake:3 |       0 |   22340 |   0.0 |       0 |      36 |   0.0 |  3704
       Snake:4 |       0 |   73985 |   0.0 |       0 |     123 |   0.0 |  4832
         Orc:1 |       0 |    4935 |   0.0 |       0 |      48 |   0.0 |  1251
         Orc:2 |       0 |   10029 |   0.0 |       0 |      61 |   0.0 |  2283
         Elf:1 |       0 |   22401 |   0.0 |       0 |      38 |   0.0 |  1827
         Elf:2 |       0 |   16528 |   0.0 |       0 |      29 |   0.0 |  2201
         Elf:3 |       0 |   59766 |   0.0 |       0 |      60 |   0.0 |  3538
      Vaults:1 |       0 |   34315 |   0.0 |       0 |      45 |   0.0 |  2259
      Vaults:2 |       0 |   65300 |   0.0 |       0 |     108 |   0.0 |  2975
      Vaults:3 |       0 |   65097 |   0.0 |       0 |      98 |   0.0 |  3647
      Vaults:4 |       0 |   50617 |   0.0 |       0 |      62 |   0.0 |  2053
      Depths:1 |       0 |   27655 |   0.0 |       0 |      35 |   0.0 |  2512
      Depths:2 |       0 |   61752 |   0.0 |       0 |      48 |   0.0 |  3867
      Depths:3 |       0 |  128702 |   0.0 |       0 |      79 |   0.0 |  3715
           Lab |       0 |    2446 |   0.0 |       0 |       7 |   0.0 |   453
         Sewer |       0 |     108 |   0.0 |       0 |       6 |   0.0 |   539
         IceCv |       0 |    9211 |   0.0 |       0 |      35 |   0.0 |  2241
        WizLab |       0 |   16668 |   0.0 |       0 |      35 |   0.0 |  1074
               +---------+---------+-------+---------+---------+-------+---------
